 Dungeon Crawl Stone Soup version 0.28-a0-802-g09f76e8c00 (webtiles) character file.

Game seed: 3263600725614178557

16125 iamoutofideas the Thaumaturge (level 12, -6/83 HPs)
             Began as a Demonspawn Fire Elementalist on Nov 6, 2021.
             Was a Priest of Vehumet.
             Mangled by a large abomination (25 damage)
             ... on level 2 of the Abyss on Nov 7, 2021.
             The game lasted 00:27:43 (14239 turns).

iamoutofideas the Thaumaturge (DsFE)               Turns: 14239, Time: 00:27:43

Health: -6/83      AC: 12    Str:  9    XL:     12   Next: 7%
Magic:  15/36      EV: 13    Int: 34    God:    Vehumet [***...]
Gold:   428        SH:  5    Dex: 14    Spells: 7/34 levels left

rFire   x . .      SeeInvis .   T - +9 sword of Zonguldrok {reap}
rCold   + . .      Faith    .   (no shield)
rNeg    + + .      Spirit   .   H - +3 robe of Calculation {Will++}
rPois   +          Reflect  +   L - +1 hat {Int+3}
rElec   .          Harm     .   (no cloak)
rCorr   +          Rampage  .   (no gloves)
Will    ++...                   t - +2 pair of boots of the Carpenter {rC+ Int+6}
Stlth   ++........              d - amulet of reflection
HPRegen 0.00/turn               c - ring of magical power
MPRegen 0.50/turn               l - ring "Julo" {rPois rF- rN++ rCorr Int+4}

@: sick
A: thin metallic scales 2, ignite blood 2, magic regeneration, weakness stinger
2
a: Renounce Religion


You were on level 2 of the Abyss.
You worshipped Vehumet.
Vehumet was most pleased with you.
You visited 2 branches of the dungeon, and saw 12 of its levels.
You visited the Abyss 1 time.

You collected 866 gold pieces.
You spent 438 gold pieces at shops.

Inventory:

Hand Weapons
 h - a +0 short sword of venom
 B - a +5 spear of freezing
 M - a +4 scimitar of flaming
 T - the +9 sword of Zonguldrok (weapon) {reap}
   (You found it on level 11 of the Dungeon)

   Any living foe damaged by it may be reanimated upon death as a zombie
   friendly to the wielder, with an increasing chance as more damage is dealt.
Missiles
 y - a throwing net
Armour
 g - a +0 leather armour of willpower
 t - the +2 pair of boots of the Carpenter (worn) {rC+ Int+6}
   (You acquired it on level 11 of the Dungeon)

   Int:       It affects your intelligence (+6).
   rC:        It protects you from cold.
 u - +0 acid dragon scales
 v - a +2 ring mail of willpower
 H - the +3 robe of Calculation (worn) {Will++}
   (You bought it in a shop on level 2 of the Dungeon)

   Will:      It greatly increases your willpower.
 K - a +0 troll leather armour
 L - a +1 hat of intelligence (worn)
 N - a +1 robe of fire resistance
Jewellery
 c - a ring of magical power (left hand)
 d - an amulet of reflection (around neck)
 l - the ring "Julo" (right hand) {rPois rF- rN++ rCorr Int+4}
   (You acquired it on level 11 of the Dungeon)

   [ring of poison resistance]

   Int:       It affects your intelligence (+4).
   rF:        It makes you vulnerable to fire.
   rPois:     It protects you from poison.
   rN:        It greatly protects you from negative energy.
   rCorr:     It protects you from acid and corrosion.
 F - a ring of wizardry
Wands
 b - a wand of iceblast (13)
 k - a wand of flame (34)
 D - a wand of digging (4)
 J - a wand of acid (5)
 P - a wand of polymorph (7)
 S - a wand of charming (13)
Scrolls
 e - 4 scrolls of enchant armour {unknown}
 i - 2 scrolls of vulnerability {unknown}
 j - 5 scrolls of magic mapping
 m - 3 scrolls of immolation
 n - 3 scrolls of enchant weapon
 p - a scroll of identify
 q - 2 scrolls of amnesia
 w - 2 scrolls of fog {unknown}
 x - a scroll of fear
Potions
 a - 2 potions of resistance
 f - a potion of berserk rage
 r - 2 potions of mutation
 s - 3 potions of lignification
 A - 2 potions of ambrosia
 C - a potion of degeneration
 G - a potion of curing
 R - a potion of flight {unknown}
Miscellaneous
 E - a phial of floods
 O - a condenser vane


   Skills:
 + Level 3.8 Fighting
 + Level 1.4 Long Blades
 + Level 0.1 Armour
 + Level 4.6 Dodging
 - Level 1.7 Stealth
 + Level 2.5 Shields
 + Level 11.7 Spellcasting
 + Level 8.0 Conjurations
 + Level 10.5 Fire Magic
 + Level 0.4 Ice Magic
 + Level 0.2 Air Magic
 + Level 0.3 Earth Magic


You had 7 spell levels left.
You knew the following spells:

 Your Spells              Type           Power      Damage    Failure   Level
a - Foxfire               Conj/Fire      100%       2x1d9     1%          1
b - Scorch                Fire           100%       2d10      1%          2
c - Flame Wave            Conj/Fire      70%        3d12      1%          4
d - Stone Arrow           Conj/Erth      96%        3d13      1%          3
e - Conjure Flame         Conj/Fire      70%        6-21      1%          3
f - Mephitic Cloud        Conj/Pois/Air  38%        N/A       1%          3
g - Freezing Cloud        Conj/Ice/Air   19%        6-21      5%          5
h - Ignite Poison         Fire/Tmut/Pois 43%        N/A       1%          3
i - Frozen Ramparts       Ice            46%        1d6       1%          3

Your spell library contained the following spells:

 Spells                   Type           Power      Damage    Failure   Level
 Poisonous Vapours        Pois/Air       40%        N/A       1%          2
 Inner Flame              Hex/Fire       54%        N/A       1%          3
 Sticky Flame             Conj/Fire      70%        2d8       1%          4
 Iskenderun's Battlesphe  Conj           65%        2d11      1%          5
 Animate Skeleton         Necr           38%        N/A       2%          1
 Apportation              Tloc           38%        N/A       2%          1
 Summon Small Mammal      Summ           76%        N/A       2%          1
 Corpse Rot               Necr/Air       40%        N/A       3%          2
 Irradiate                Conj/Tmut      23%        3d21      3%          5
 Animate Armour           Summ/Erth      42%        N/A       21%         4
 Lehudib's Crystal Spear  Conj/Erth      24%        10d7      99%         8
 Chain Lightning          Conj/Air       24%        3d32      100%        9
 Fire Storm               Conj/Fire      35%        8d9       100%        9


Dungeon Overview and Level Annotations

Branches:
Dungeon (11/15)            Temple (1/1) D:4            Lair (0/6) D:11
    Orc (0/2) D:11

Altars:
Ashenzari
Cheibriados
Dithmenos
Elyvilon
Fedhas
Gozag
Hepliaklqana
Kikubaaqudgha
Makhleb
Nemelex Xobeh
Okawaru
Qazlal
Ru
Sif Muna
Trog
Uskayaw
Vehumet
Wu Jian
Xom
Yredelemnul
Zin
The Shining One
Jiyva

Shops:
D:2 :([?   D:6 [   D:7 ?

Portals:
Abyss: D:5

Annotations:
D:5 2 transporters, croobank's ghost, novice DEWz
D:8 2 transporters
D:9 exclusion: downstairs
D:11 Sonja


Innate Abilities, Weirdness & Mutations

You are mostly covered in thin metallic scales. (AC +3)
Your demonic aura often causes spilled blood to erupt in flames.
You regenerate magic rapidly.
You have a tail ending in a sharp stinger.


Message History

(Press . to intensify the flame waves.)
The hell hound closely misses you. The hell hound breathes flames at you.
The blast of flame misses you.
A wave of flame ripples out!
The flame wave engulfs the hell hound.
The hell hound completely resists.
The flame wave engulfs the small abomination!
You destroy the small abomination!
Vehumet accepts your kill.
You feel your power returning.
The flame wave engulfs the raiju!
The raiju is severely wounded.
The hell hound barely misses you.
A black draconian knight comes into view.
It is wielding a +2 broad axe and wearing a +0 cloak of preservation.
The raiju bursts into living lightning!
The living lightning hits you!
The raiju blinks! x2
A large abomination comes into view.
Okay, then.
As you read the scroll of fear, it crumbles to dust.
You assume a fearsome visage.
The hell hound looks frightened!
The large abomination is unaffected.
The black draconian knight looks frightened!
The raiju looks frightened!
The raiju bursts into living lightning!
The living lightning misses you.
The raiju blinks!
The black draconian knight gestures wildly while chanting.
The black draconian knight flickers and vanishes!
Deactivating autopickup; reactivate with Ctrl-A.
Unknown command.
Cornered, the hell hound turns to fight!
You see here a hell hound corpse.
A large abomination comes into view.
The large abomination hits you!!
* * * LOW HITPOINT WARNING * * *
The hell hound misses you. You block the hell hound's attack.
The large abomination hits you.
* * * LOW HITPOINT WARNING * * *
You feel better. You block the hell hound's attack. The hell hound bites you.
* * * LOW HITPOINT WARNING * * *
The large abomination hits you!!
You die...

. ## . #§
#.## #.#..#
# # . #
.#.### .##
#§ #. .
#....# .# #
. ...#.# #.
#.........#.
#. # ... .#
#.#. .## #.
..
##.#.###..##
# .
#...@#.#..#
# #.#.hX.# .
##.X##### .
#..†.hX# #
#..#.†#.#
#.#.##.##
#.### h# #.
# #. ##


You could see 2 large abominations and a hell hound.

Vanquished Creatures
  Gastronok (D:10)
  Josephine (D:11)
  Erolcha (D:11)
  3 two-headed ogres
  Erica (D:10)
  A manticore (D:11)
  Joseph (D:10)
  2 large abominations (Abyss:2)
  Maggie (D:6)
  A kobold demonologist (D:10)
  2 unseen horrors
  An ancient zyme (Abyss:2)
  4 trolls (D:10)
  A hornet (D:11)
  3 raiju (Abyss:2)
  A shadow (D:9)
  A wyvern (D:9)
  4 wraiths (D:11)
  9 yaks
  A chaos spawn (Abyss:2)
  2 small abominations (Abyss:2)
  Menkaure (D:7)
  2 wargs (D:11)
  3 water moccasins
  3 hell hounds (Abyss:2)
  5 orc warriors
  2 sky beasts
  A black bear (D:4)
  An ice beast (D:6)
  A necrophage (D:4)
  5 centaurs
  3 ogres
  A phantom (D:4)
  2 kobold brigands
  2 bullfrogs
  A gnoll sergeant (D:7)
  2 water moccasin skeletons
  5 killer bees (D:8)
  5 howler monkeys
  5 wights (D:8)
  4 electric eels (D:8)
  A jelly (D:6)
  6 orc priests
  2 centaur zombies
  2 hounds
  A bullfrog skeleton (D:4)
  An iguana (D:5)
  13 orc wizards
  A killer bee zombie (D:6)
  A hound skeleton (D:5)
  8 gnolls
  8 adders
  A shadow imp (D:7)
  An ufetubus (Abyss:2)
  A worm (D:2)
  27 orcs
  7 ball pythons
  5 bats
  4 endoplasms
  3 giant cockroaches
  7 goblins
  4 hobgoblins
  A quokka (D:1)
  6 frilled lizards
  11 kobolds
  A rat (D:3)
219 creatures vanquished.

Vanquished Creatures (others)
  494 foxfires
  18 plants
512 creatures vanquished.

Grand Total: 731 creatures vanquished

Notes
Turn   | Place    | Note
-------+----------+-------------------------------------------
     0 | D:1      | iamoutofideas the Demonspawn Fire Elementalist began the
                  | quest for the Orb.
     0 | D:1      | Reached XP level 1. HP: 13/13 MP: 3/3
     1 | D:1      | You fall into a shaft and drop 1 floor!
    76 | D:2      | Found a basalt altar of Yredelemnul.
   107 | D:2      | Gained mutation: You regenerate magic rapidly. [demonic
                  | ancestry]
   107 | D:2      | Reached XP level 2. HP: 19/19 MP: 0/5
   143 | D:2      | Found Ruule's Weapon Boutique.
   456 | D:1      | Learned a level 2 spell: Scorch
   492 | D:1      | Reached XP level 3. HP: 24/24 MP: 3/6
  1458 | D:2      | Found Tiduss's Book Shop.
  1518 | D:2      | Found Cexuib's Magic Scroll Boutique.
  1521 | D:2      | Found Exkis's Antique Armour Shoppe.
  1642 | D:2      | Found a faded altar of an unknown god.
  2079 | D:3      | Reached XP level 4. HP: 30/30 MP: 4/8
  2181 | D:3      | Reached skill level 3 in Spellcasting
  2264 | D:3      | Found a radiant altar of Vehumet.
  2426 | D:3      | Became a worshipper of Vehumet
  2486 | D:3      | Found a sparkling altar of Nemelex Xobeh.
  2667 | D:3      | Learned a level 3 spell: Conjure Flame
  2671 | D:3      | Learned a level 3 spell: Stone Arrow
  2701 | D:4      | Noticed a black bear
  2710 | D:4      | Killed a black bear
  2711 | D:4      | Gained mutation: Your demonic aura sometimes causes spilled
                  | blood to erupt in flames. [demonic ancestry]
  2711 | D:4      | Reached XP level 5. HP: 35/35 MP: 0/10
  2759 | D:4      | Noticed a phantom
  2762 | D:4      | Noticed a necrophage
  2766 | D:4      | Killed a necrophage
  2794 | D:4      | Killed a phantom
  2795 | D:4      | Reached skill level 4 in Spellcasting
  2795 | D:4      | Gained mutation: You have a small tail. [demonic ancestry]
  2795 | D:4      | Reached XP level 6. HP: 21/41 MP: 1/12
  2803 | D:4      | Learned a level 4 spell: Flame Wave
  3141 | D:4      | Found a staircase to the Ecumenical Temple.
  3211 | Temple   | Entered the Ecumenical Temple
  3484 | D:5      | Entered Level 5 of the Dungeon
  3585 | D:5      | Found a one-way gate to the infinite horrors of the Abyss.
  3585 | D:5      | Noticed croobank's ghost (novice DEWz)
  3980 | D:5      | Found a transporter.
  3980 | D:5      | Found a transporter.
  3991 | D:5      | Noticed a small abomination
  4136 | D:6      | Noticed an ice beast
  4143 | D:6      | Killed an ice beast
  4144 | D:6      | Gained mutation: You have a tail ending in a sharp stinger.
                  | [demonic ancestry]
  4144 | D:6      | Reached XP level 7. HP: 47/47 MP: 14/14
  4172 | D:6      | Reached skill level 5 in Fire Magic
  4206 | D:6      | Reached skill level 1 in Fighting
  4206 | D:6      | Reached skill level 5 in Spellcasting
  4661 | D:6      | Found a hazy altar of Hepliaklqana.
  4875 | D:6      | Found Obeipum's Armour Shoppe.
  5003 | D:6      | Noticed Maggie
  5020 | D:6      | Killed Maggie
  5021 | D:6      | Reached skill level 6 in Spellcasting
  5021 | D:6      | Gained mutation: You are partially covered in thin metallic
                  | scales. (AC +2) [demonic ancestry]
  5021 | D:6      | Reached XP level 8. HP: 34/54 MP: 12/17
  6268 | D:7      | Reached skill level 7 in Spellcasting
  6423 | D:7      | Reached * piety under Vehumet
  6423 | D:7      | Offered knowledge of Shock by Vehumet.
  6690 | D:7      | Reached XP level 9. HP: 53/60 MP: 20/20
  6796 | D:7      | Found a burning altar of Makhleb.
  6796 | D:7      | Found an ancient bone altar of Kikubaaqudgha.
  7114 | D:7      | Noticed Menkaure
  7120 | D:7      | Killed Menkaure
  7169 | D:7      | Found Tucufun's Magic Scroll Shop.
  7177 | D:7      | Bought a scroll of amnesia for 42 gold pieces
  7177 | D:7      | Bought a scroll of magic mapping for 42 gold pieces
  7177 | D:7      | Bought a scroll of fear for 42 gold pieces
  7305 | D:2      | Bought a slimy robe for 131 gold pieces
  7305 | D:2      | Identified the +3 robe of Calculation {Will++} (You bought
                  | it in a shop on level 2 of the Dungeon)
  7375 | D:2      | Bought a scroll of magic mapping for 45 gold pieces
  7375 | D:2      | Bought a scroll of magic mapping for 45 gold pieces
  7375 | D:2      | Bought a scroll of identify for 26 gold pieces
  7375 | D:2      | Bought a scroll of identify for 26 gold pieces
  7375 | D:2      | Bought a scroll of identify for 26 gold pieces
  7375 | D:2      | Bought a scroll of noise for 13 gold pieces
  7605 | D:8      | Reached skill level 1 in Shields
  7613 | D:8      | Reached skill level 8 in Spellcasting
  7918 | D:8      | Reached skill level 5 in Conjurations
  8456 | D:8      | Found a transporter.
  8456 | D:8      | Found a transporter.
  8482 | D:8      | Offered knowledge of Sandblast by Vehumet.
  8485 | D:8      | Reached ** piety under Vehumet
  8554 | D:8      | Found a viscous altar of Jiyva.
  8588 | D:8      | Found a shadowy altar of Dithmenos.
  8844 | D:8      | Found a sacrificial altar of Ru.
  9061 | D:9      | Gained mutation: You are mostly covered in thin metallic
                  | scales. (AC +3) [demonic ancestry]
  9061 | D:9      | Reached XP level 10. HP: 35/67 MP: 18/22
  9324 | D:9      | Reached skill level 9 in Spellcasting
 10420 | D:10     | Entered Level 10 of the Dungeon
 10422 | D:10     | Noticed Gastronok
 10442 | D:10     | Killed Gastronok
 10468 | D:10     | Noticed a two-headed ogre
 10799 | D:10     | Noticed Erica
 10803 | D:10     | Noticed a two-headed ogre
 10807 | D:10     | Killed Erica
 10808 | D:10     | Reached skill level 10 in Spellcasting
 10813 | D:10     | Killed a two-headed ogre
 10814 | D:10     | Reached XP level 11. HP: 11/74 MP: 18/25
 11237 | D:10     | Offered knowledge of Static Discharge by Vehumet.
 11549 | D:10     | Noticed Joseph
 11560 | D:10     | Killed Joseph
 11655 | D:10     | Killed a two-headed ogre
 11774 | D:10     | Learned a level 3 spell: Mephitic Cloud
 11780 | D:10     | Learned a level 5 spell: Freezing Cloud
 11784 | D:10     | Learned a level 3 spell: Ignite Poison
 12227 | D:8      | Identified the +3 spear of Reason {vorpal, rF- rC+++ Str-3
                  | Dex+3}
 12295 | D:9      | Identified the +1 robe of the Gloaming {+Inv Str+4}
 12356 | D:11     | Noticed Erolcha
 12363 | D:11     | Killed Erolcha
 12364 | D:11     | Reached skill level 10 in Fire Magic
 12681 | D:11     | Reached *** piety under Vehumet
 12690 | D:11     | Found a staircase to the Orcish Mines.
 12878 | D:11     | Noticed a two-headed ogre
 12882 | D:11     | Killed a two-headed ogre
 13087 | D:11     | Noticed Josephine
 13093 | D:11     | Reached skill level 11 in Spellcasting
 13096 | D:11     | Killed Josephine
 13099 | D:11     | Offered knowledge of Frozen Ramparts by Vehumet.
 13107 | D:11     | Learned a level 3 spell: Frozen Ramparts
 13417 | D:11     | Found the +9 sword of Zonguldrok {reap}
 13568 | D:11     | Found a staircase to the Lair.
 13572 | D:11     | Noticed Sonja
 13628 | D:11     | Identified 3 scrolls of acquirement
 13634 | D:11     | Acquired the ring "Julo" {rPois rF- rN++ rCorr Int+4}
 13636 | D:11     | Acquired Sif Muna's Almanac of Combat Magic
 13638 | D:11     | Acquired the +2 pair of boots of the Carpenter {rC+ Int+6}
 13688 | D:11     | Cast into level 2 of the Abyss (Sonja)
 14084 | Abyss:2  | Noticed a sixfirhy
 14104 | Abyss:2  | Noticed a thrashing horror
 14108 | Abyss:2  | Noticed a tentacled starspawn
 14110 | Abyss:2  | Noticed a thrashing horror
 14122 | Abyss:2  | Reached skill level 1 in Long Blades
 14177 | Abyss:2  | Noticed a starcursed mass
 14222 | Abyss:2  | Gained mutation: Your demonic aura often causes spilled
                  | blood to erupt in flames. [demonic ancestry]
 14222 | Abyss:2  | Reached XP level 12. HP: 35/83 MP: 16/27
 14231 | Abyss:2  | Noticed a black draconian knight
 14239 | Abyss:2  | Mangled by a large abomination

Illustrated notes

Levels and vault maps discovered:
D:1:      scummos_arrival_forest, layout_loops_ring, st_stairs_10
D:2:      layout_basic, serial_shops, shop, shop, nicolae_shop_statue_plus,
          shop, dilly_ecumenical_altar_fadedgnrine, basic_altar,
          grunt_ministairs_4, guppyfry_early_lair_pool
D:3:      layout_rooms, vehumet_altar_wand_db, amcnicky_altar_gilded
D:4:      layout_rooms, minmay_temple_entry_mist, minmay_misc_feat_ornament
D:5:      layout_rooms, zin_statuary, gammafunk_ghost_abyssal_escape
D:6:      layout_cave_pods, nicolae_hepliaklqana_hazy_memory, serial_shops,
          shop, serial_glass, glass_columns_b, glass_columns_c, uniq_maggie
D:7:      minmay_flawed_box, layout_loops_ring, elyvilon_altar_1,
          gammafunk_temple_overflow_pools, serial_shops, shop, minivault_10,
          corexii_leaking_fountain, uniq_menkaure
D:8:      gammafunk_jiyva_shrine, layout_basic, mainiacjoe_overflow_24_doors,
          nicolae_ru_path_of_blood, serial_bayou, serial_bayou_crossing,
          serial_bayou_pond_d, serial_bayou_lake_a, serial_bayou_shore_b,
          kennysheep_nondescript
D:9:      layout_basic, minmay_misc_feat_tiny
D:10:     nicolae_whirlpool, layout_cave_pools, uniq_gastronok, uniq_joseph,
          uniq_erica
D:11:     layout_roguey, erik_lair_orcish_takeover, erik_orc_3, uniq_josephine,
          uniq_sonja, uniq_erolcha
Temple:   nicolae_temple_god_jail
Abyss:2:  base: D:5, hangedman_abyss_town

Skill      XL: |  1  2  3  4  5  6  7  8  9 10 11 |
---------------+----------------------------------+-----
Fire Magic     | 3 4 5 6 8 9 10 | 10.5
Dodging        | 2 3 4 |  4.6
Spellcasting   | 3 4 6 7 8 10 11 | 11.7
Conjurations   | 2 3 4 5 6 8 |  8.0
Fighting       | 1 2 3 |  3.8
Shields        | 1 2 |  2.5
Long Blades    | 1 |  1.4
Armour         | |  0.1
Stealth        | |  1.7
Ice Magic      | |  0.4
Air Magic      | |  0.2
Earth Magic    | |  0.3

Action                   |  1- 3 |  4- 6 |  7- 9 | 10-12 || total
-------------------------+-------+-------+-------+-------++-------
Melee: Short sword       |     5 |     1 |     7 |    13 ||    26
       Tailslap          |       |       |     1 |     1 ||     2
       Double sword      |       |       |       |     7 ||     7
 Cast: Foxfire           |    81 |    91 |   107 |    21 ||   300
       Scorch            |     1 |     7 |    47 |    30 ||    85
       Flame Wave        |       |       |    27 |    63 ||    90
       Stone Arrow       |       |       |     3 |     5 ||     8
       Conjure Flame     |       |       |     3 |       ||     3
       Frozen Ramparts   |       |       |       |     3 ||     3
       Freezing Cloud    |       |       |       |     1 ||     1
  Use: Scroll            |     2 |       |       |    16 ||    18
       Potion            |       |     3 |     2 |     4 ||     9
 Stab: Sleeping          |       |       |     2 |       ||     2
Armor: Robe              |     2 |     5 |    18 |    35 ||    60
       Leather armour    |     1 |       |       |       ||     1
Dodge: Dodged            |    16 |    20 |    64 |    96 ||   196
Block: Other             |       |     6 |    25 |    28 ||    59
       Reflection        |       |       |     4 |     3 ||     7

Table legend: (Time is in decaauts)
 A = Elapsed time spent in this place.
 B = Non-inter-level travel time spent in this place.
 C = Inter-level travel time spent in this place.
 D = Time resting spent in this place.
 E = Time spent auto-exploring this place.
 F = Levels seen in this place.
 G = Mean time per level.
                   A        B        C        D        E       F      G
               +--------+--------+--------+--------+--------+-----+--------+
         Total |  14303 |  13433 |    870 |   3621 |   7759 |  13 | 1100.2 |
       Dungeon |  13674 |  12818 |    856 |   3438 |   7449 |  11 | 1243.1 |
        Temple |     71 |     57 |     14 |      0 |     50 |   1 |   71.0 |
         Abyss |    557 |    557 |      0 |    183 |    260 |   1 |  557.0 |
               +--------+--------+--------+--------+--------+-----+--------+

Top non-repeatable levels by time:
     D:9: 1825 daAuts
     D:6: 1756 daAuts
     D:7: 1671 daAuts
     D:8: 1598 daAuts
    D:11: 1342 daAuts
    D:10: 1217 daAuts
     D:1: 1122 daAuts
     D:3: 915 daAuts
     D:2: 786 daAuts
     D:4: 776 daAuts
     D:5: 662 daAuts
 Abyss:2: 557 daAuts
  Temple: 71 daAuts
